 Dungeon Crawl Stone Soup version 0.29-a0-322-g68df515428 (webtiles) character file.

Game seed: 15064531267943331503

2 Jortsu the Sneak (level 1, -1/19 HPs)
             Began as a Draconian Delver on Apr 9, 2022.
             Succumbed to an orc's poison
             ... on level 5 of the Dungeon.
             The game lasted 00:00:26 (63 turns).

Jortsu the Sneak (Draconian Delver)                   Turns: 63, Time: 00:00:27

Health: -1/19      AC:  4    Str: 14    XL:     1   Next: 25%
Magic:  1/1        EV: 12    Int: 10    God:
Gold:   13         SH:  0    Dex: 12    Spells: 0/0 levels left

rFire   . . .      SeeInvis .   a - +0 falchion
rCold   . . .      Faith    .   (no shield)
rNeg    . . .      Spirit   .   (body armour unavailable)
rPois   .          Reflect  .   (helmet restricted)
rElec   .          Harm     .   (no cloak)
rCorr   .          Rampage  .   (no gloves)
Will    .....                   (no boots)
Stlth   +++.......              (no amulet)
HPRegen 0.06/turn               (no ring)
MPRegen 0.07/turn               (no ring)

@: lethally poisoned (-1 -> -23)
A: AC +4, unfitting armour, cold-blooded
a: no special abilities


You were on level 5 of the Dungeon.
You visited 1 branch of the dungeon, and saw 1 of its levels.

You collected 13 gold pieces.

Inventory:

Hand Weapons
 a - a +0 falchion (weapon)
Wands
 f - a wand of digging (3)
Scrolls
 b - a scroll of fog
 c - a scroll of magic mapping
 d - a scroll of fear
Potions
 e - a potion of haste


   Skills:
 + Level 3.3 Fighting
 + Level 2.0 Long Blades
 + Level 1.7 Dodging
 + Level 4.6 Stealth


You couldn't memorise any spells.
You didn't know any spells.
Your spell library was empty.

Dungeon Overview and Level Annotations

Branches:
Dungeon (5/15)
 Temple: D:4-7

Altars:


Innate Abilities, Weirdness & Mutations

Your plain brown scales are hard. (AC +4)
You cannot fit into any form of body armour.
You are cold-blooded and may be slowed by cold attacks.


Message History

2 orcs come into view.
Found a book of Flames. 2 orc priests and an orc come into view.
The orc is wielding a +1 hand axe of flaming.
Found a hand axe.
The orc priest looks braver for a moment.
There is a stone staircase leading down here.
Found 13 gold pieces.
You now have 13 gold pieces.
You hear a distant slurping noise.
Found a stone staircase leading down.
The orc shouts! x2; You hear a shout!
An orc comes into view. It is wielding a +2 flail of venom.
The orc closely misses you.
You hit the orc.
Your tail-slap misses the orc.
The orc is heavily wounded.
The orc hits you with a +0 short sword. The orc attacks as you move away!
The orc barely misses you.
A wraith comes into view.
The orc attacks as you move away! The orc hits you but does no damage.
The orc attacks as you move away! The orc hits you but does no damage.
The orc attacks as you move away! The orc closely misses you.
The orc attacks as you move away! The orc closely misses you.
The orc attacks as you move away! The orc closely misses you.
You hit the orc.
The orc is heavily wounded.
The orc completely misses you.
You hit the orc.
You kill the orc!
You barely miss the orc.
The orc hits you with a +2 flail of venom.
You are poisoned.
You hit the orc but do no damage.
You feel very sick.
The orc hits you with a +2 flail of venom!
* * * LOW HITPOINT WARNING * * *
You are more poisoned.
The orc closely misses you.
You barely miss the orc.
You die...

#.# ##.....
#.# ###...>..
#.## .......
#.. #.....
#.. #.#.###
#.# #..Wo.o
#.# ###.###
#.#
#########.###
#@#
#.....o.o....
#o#
#.#######.###
#.# #.# #.###
#.####.#
#.##.
#...o..#
#....
########
####. ## # #


You could see an orc.

Vanquished Creatures
  An orc (D:5)
1 creature vanquished.

Notes
Turn   | Place    | Note
-------+----------+-------------------------------------------
     0 | D:5      | Jortsu the Draconian Delver began the quest for the Orb.
     0 | D:5      | Reached XP level 1. HP: 19/19 MP: 1/1
     5 | D:5      | Noticed an orc priest
     5 | D:5      | Noticed an orc priest
    36 | D:5      | Noticed a wraith
    63 | D:5      | Succumbed to an orc's poison

Illustrated notes

Levels and vault maps discovered:
D:5:      layout_loops_ring, chequers_temple_overflow_statue_of_worship,
          serial_shops, nicolae_shop_statue_plus, kennysheep_mini, shop,
          shop_fountains, nicolae_shop_waterfront, chequers_arboretum,
          st_stairs_9, uniq_ijyb

Action                   || total
-------------------------++-------
Melee: Falchion          ||     6
Armor: Skin              ||     2
Dodge: Dodged            ||     7

Table legend: (Time is in decaauts)
 A = Elapsed time spent in this place.
 B = Non-inter-level travel time spent in this place.
 C = Inter-level travel time spent in this place.
 D = Time resting spent in this place.
 E = Time spent auto-exploring this place.
 F = Levels seen in this place.
 G = Mean time per level.
                   A        B        C        D        E       F      G
               +--------+--------+--------+--------+--------+-----+--------+
         Total |     64 |     64 |      0 |      0 |      1 |   1 |   64.0 |
       Dungeon |     64 |     64 |      0 |      0 |      1 |   1 |   64.0 |
               +--------+--------+--------+--------+--------+-----+--------+

Top non-repeatable levels by time:
     D:5: 64 daAuts
